 Dungeon Crawl Stone Soup version 0.21.3-3-g218456f21e (webtiles) character file.

34 Hopiakuusi the Cudgeler (level 3, 0/37 HPs)
             Began as a Troll Berserker on July 26, 2022.
             Was a Follower of Trog.
             Succumbed to an adder's poison
             ... on level 1 of the Dungeon.
             The game lasted 00:13:02 (925 turns).

Hopiakuusi the Cudgeler (Troll Berserker)            Turns: 925, Time: 00:13:02

Health: 0/37       AC:  6    Str: 28    XL:     3   Next: 14%
Magic:  11/11      EV: 10    Int:  3    God:    Trog [*.....]
Gold:   64         SH:  3    Dex:  9    Spells: 2/2 levels left

rFire    . . .     SeeInvis .   p - -3 dagger (curse)
rCold    . . .     Gourm    +   (no shield)
rNeg     . . .     Faith    .   b - +1 animal skin
rPois    .         Spirit   .   (helmet restricted)
rElec    .         Reflect  +   (no cloak)
rCorr    .         Harm     .   (gloves unavailable)
MR       .....                  (boots unavailable)
Stlth    +.........             f - +3 amulet of reflection
HPRegen  0.52/turn              g - +2 ring of strength
MPRegen  0.12/turn              n - ring of magical power

@: lethally poisoned (0 -> -1), very slightly contaminated
A: large, unfitting armour, claws 3, fast metabolism 3, gourmand, regeneration
1, shaggy fur 1, tough skin 2
a: Berserk, Burn Spellbooks, Renounce Religion


You were on level 1 of the Dungeon.
You worshipped Trog.
Trog was aware of your devotion.
You were completely stuffed.

You visited 1 branch of the dungeon, and saw 2 of its levels.

You collected 64 gold pieces.

Inventory:

Hand Weapons
 a - a +0 mace
 p - a cursed -3 dagger (weapon)
Armour
 b - a +1 animal skin (worn)
Jewellery
 f - a +3 amulet of reflection (around neck)
 g - a +2 ring of strength (left claw)
 n - a ring of magical power (right claw)
Scrolls
 d - a scroll of identify
Potions
 o - a potion of might {unknown}
Comestibles
 c - 4 rations


   Skills:
 * Level 3.0 Fighting
 - Level 3.0 Maces & Flails
 + Level 2.7 Dodging


You had 2 spell levels left.
You didn't know any spells.

Dungeon Overview and Level Annotations

Branches:
Dungeon (2/15)

Altars:


Innate Abilities, Weirdness & Mutations

You are too large for most types of armour.
You have claws for hands.
Your metabolism is lightning-fast.
You like to eat raw meat.
Your natural rate of healing is unusually fast.
You are covered in fur. (AC +1)
You have very tough skin. (AC +2)


Message History

You feel sick. The adder bites you.
* * * LOW HITPOINT WARNING * * *
The adder bites you.
* * * LOW HITPOINT WARNING * * *
You are more poisoned.
The adder poisons you!
You hit the adder but do no damage.
The adder is heavily wounded.
You feel sick. The adder completely misses you.
You miss the adder.
The adder is heavily wounded.
The adder bites you.
* * * LOW HITPOINT WARNING * * *
You miss the adder.
The adder is heavily wounded.
* * * LOW HITPOINT WARNING * * *
You feel sick. The adder bites you but does no damage.
You miss the adder.
The adder is heavily wounded.
You die...

########.##...........##.##...##
#.##........##.##.##.....
#.###......)......##..##.
#.###.......##.#####.....
#................# #.....
########.###.....# ##.##. #.#
#.....# #.##. #S# #.....# #.#S.
#@# #.....# #.#(# #.# #######
#.#.# #.# #.... #.# ###.#
#.##############(#
#.......#........#
######....#####.(# #....#####..#
#....##†....#


You could see an adder.

Vanquished Creatures
  An ooze (D:1)
  A dart slug (D:1)
  A leopard gecko (D:1)
  3 bats (D:1)
  3 goblins (D:1)
  6 hobgoblins (D:1)
  2 jackals (D:1)
  2 frilled lizards (D:1)
  3 kobolds (D:1)
  3 rats (D:1)
25 creatures vanquished.

Notes
Turn   | Place    | Note
-------+----------+-------------------------------------------
     0 | D:1      | Hopiakuusi the Troll Berserker began the quest for the Orb.
     0 | D:1      | Reached XP level 1. HP: 22/22 MP: 0/0
   197 | D:1      | Reached XP level 2. HP: 29/29 MP: 1/1
   565 | D:1      | Reached XP level 3. HP: 37/37 MP: 2/2
   923 | D:1      | HP: 1/37 [adder (2)]
   925 | D:1      | Succumbed to an adder's poison

Skill      XL: |  1  2 |
---------------+-------+-----
Maces & Flails | 3 |  3.0
Fighting       | 3 |  3.0
Dodging        | |  2.7

Action                   || total
-------------------------++-------
Melee: Mace              ||    75
       Dagger            ||    40
Throw: Stone             ||    26
  Use: Scroll            ||     5
  Eat: Chunk             ||    14
Armor: Animal skin       ||    49
Dodge: Dodged            ||    74
Block: Other             ||    18
       Reflection        ||     1
